 Dungeon Crawl Stone Soup version 0.19.1 (console) character file.

12493 Jesseh the Cleaver (level 11, -21/156 HPs)
             Began as a Deep Dwarf Fighter on Nov 23, 2016.
             Was a High Priest of Makhleb.
             Killed from afar by Nergalle (24 damage)
             ... with a bolt of negative energy
             ... on level 1 of the Orcish Mines on Nov 24, 2016.
             The game lasted 01:19:05 (10006 turns).

Jesseh the Cleaver (Deep Dwarf Fighter)            Turns: 10006, Time: 01:19:06

Health: -21/156    AC:  9    Str: 30    XL:     11   Next: 63%
Magic:  3/3        EV:  9    Int:  9    God:    Makhleb [*****.]
Gold:   601        SH: 13    Dex: 13    Spells: 0 memorised, 10 levels left

rFire  . . .     SeeInvis .     W - +0 broad axe
rCold  . . .     Gourm    .     b - +0 scale mail
rNeg   . . .     Faith    .     c - +0 shield
rPois  +         Spirit   .     (no helmet)
rElec  .         Reflect  .     (no cloak)
rCorr  .         Harm     .     J - +0 pair of gloves {Str+3}
MR     ++...                    (no boots)
Stlth  ..........               m - amulet of rage
                                K - ring of protection from magic
                                C - ring of stealth

@: berserking (expiring), non-regenerating, slowed, drained
A: damage resistance, recharge devices, sense surroundings 2, poison resistance,
screaming 1, slow regeneration 3
a: Device Recharging, Minor Destruction, Lesser Servant of Makhleb, Major
Destruction, Greater Servant of Makhleb, Renounce Religion, Evoke Berserk Rage


You were on level 1 of the Orcish Mines.
You worshipped Makhleb.
Makhleb was extremely pleased with you.
You were not hungry.

You visited 4 branches of the dungeon, and saw 14 of its levels.
You also visited: Sewer.

You collected 787 gold pieces.
You spent 186 gold pieces at shops.

Inventory:

Hand Weapons
 a - a +2 dagger of speed
   (You took it off an orc on level 8 of the Dungeon)
 u - a -3 flail
   (You found it on level 9 of the Dungeon)
 E - a +0 blowgun
   (You took it off a kobold on level 3 of the Dungeon)
 T - a +2 hand axe of freezing
   (You took it off an orc on level 7 of the Dungeon)
 W - a +0 broad axe (weapon)
   (You took it off an orc on level 5 of the Dungeon)
 X - a cursed +0 battleaxe
   (You took it off a wight on level 8 of the Dungeon)
Missiles
 F - 104 poisoned needles
Armour
 b - a +0 scale mail (worn)
 c - a +0 shield (worn)
 k - a +0 ring mail of cold resistance
   (You took it off an orc on level 8 of the Dungeon)
 r - a +4 plate armour of ponderousness
   (You took it off a goblin on level 1 of the Dungeon)
 J - a +0 pair of gloves of strength (worn)
   (You found it on level 4 of the Dungeon)
Jewellery
 m - an amulet of rage (around neck)
   (You found it on level 1 of the Dungeon)
 x - a +2 ring of intelligence
   (You found it on level 4 of the Dungeon)
 C - a ring of stealth (left hand)
   (You found it on level 3 of the Dungeon)
 K - a ring of protection from magic (right hand)
   (You found it on level 10 of the Dungeon)
 M - an uncursed ring of loudness
   (You found it on level 10 of the Dungeon)
 Y - a +4 ring of dexterity {unknown}
   (You found it on level 10 of the Dungeon)
Wands
 e - a wand of heal wounds (1/9)
 j - a wand of lightning (7/15)
   (You found it on level 10 of the Dungeon)
 z - a wand of flame (2/48)
   (You found it on level 9 of the Dungeon)
 A - a wand of enslavement (12/24)
   (You found it on level 9 of the Dungeon)
 H - a wand of lightning (0/15)
   (You found it on level 3 of the Dungeon)
 O - a wand of paralysis (10/24)
   (You found it on level 10 of the Dungeon)
Scrolls
 l - 4 scrolls of fog
 n - 2 scrolls of recharging {unknown}
 o - a scroll of noise
 s - 2 scrolls of immolation {unknown}
 t - a scroll of identify
 w - a scroll of magic mapping
 y - a scroll of enchant armour {unknown}
 L - a scroll of teleportation
 N - a scroll of amnesia {unknown}
 Q - a scroll of random uselessness
 U - a scroll of silence {unknown}
Potions
 d - 4 potions of might
 g - a potion of cancellation
 h - 2 potions of cure mutation
 i - a potion of berserk rage
 p - 5 potions of heal wounds {unknown}
 q - 4 potions of agility
 v - 3 potions of brilliance
 G - 2 potions of invisibility {unknown}
 P - 7 potions of degeneration
 S - 18 potions of curing
 V - 3 potions of flight
Comestibles
 f - 7 bread rations
 B - 14 royal jellies
 D - 6 meat rations
 I - 23 fruits
 R - 3 chunks of flesh


   Skills:
 + Level 8.8(7.8) Fighting
 + Level 11.0(10.0) Axes
 - Level 9.1(8.1) Armour
 * Level 10.9(9.9) Shields
 + Level 6.3(5.4) Invocations


You had 10 spell levels left.
You didn't know any spells.

Dungeon Overview and Level Annotations

Branches:
Dungeon (10/15)            Temple (1/1) D:5            Lair (1/6) D:9
    Orc (2/2) D:10            Elf (0/3) Orc:2

Altars:
Ashenzari
Cheibriados
Dithmenos
Elyvilon
Fedhas
Gozag
Hepliaklqana
Kikubaaqudgha
Makhleb
Nemelex Xobeh
Okawaru
Qazlal
Ru
Sif Muna
Trog
Uskayaw
Vehumet
Xom
Yredelemnul
Zin
The Shining One

Shops:
D:8 ?   D:9 %

Annotations:
Orc:1 Nergalle
Orc:2 Sonja


Innate Abilities, Weirdness & Mutations

You are resistant to damage.
You can recharge devices by infusing magical energy.
You passively map the area around you.
You do not regenerate.
Your system is resistant to poisons. (rPois)
You occasionally shout uncontrollably at your foes.


Message History

Sonja shoots a curare-tipped needle.
The curare-tipped needle hits you.
You have difficulty breathing.
You feel yourself slow down.
You climb upwards.
Level annotation: Nergalle The spectral orc warrior hits you with a flail.
You feel drained.
The spectral orc knight hits you with a great sword.
Nergalle gestures at the orc while chanting.
The orc seems to speed up.
The spectral orc warrior hits you but does no damage.
There is a stone staircase leading down here.
A red film seems to cover your vision as you go berserk!
You feel yourself moving faster!
You feel mighty!
The orc knight roars a battlecry!
The orcs go into a battle-frenzy!
You block the orc's attack.
The orc sorcerer casts a spell.
The spectral orc knight hits you with a great sword.
The orc suddenly grunts.
The orc warrior hits you from afar with a trident!
You block the orc knight's attack.
The spectral orc warrior barely misses you.
Nergalle hits you with a dagger of venom.
The warg pauses to sniff the ground.
You are too berserk!
You slice Nergalle!! You slash the spectral orc warrior! You slash the orc!
You kill the orc!
Makhleb accepts your kill.
You feel better.
You slash the spectral orc knight! You barely miss the orc.
You closely miss the orc knight. The orc knight barely misses you.
You block the spectral orc knight's attack.
Nergalle barely misses you.
The spectral orc warrior closely misses you.
You block the orc's attack.
You slice Nergalle!! You slice the spectral orc warrior!!
You destroy the spectral orc warrior!
You hit the spectral orc knight. You slice the orc!!
You kill the orc!
Makhleb accepts your kill.
You feel better.
You slash the orc knight! The orc knight barely misses you.
You block the spectral orc knight's attack.
Nergalle barely misses you.
The orc knight hits you with a great mace!
* * * LOW HITPOINT WARNING * * *
You completely miss Nergalle.
You hit the orc knight but do no damage.
You miss the sun demon.
You hit the spectral orc knight but do no damage.
Your shield prevents you from hitting the warg.
You block the warg's attack.
Nergalle points at you and mumbles some strange words.
Orcish apparitions take form around you.
The orc sorcerer casts a spell at you.
The bolt of fire misses the sun demon.
The bolt of fire hits you!
* * * LOW HITPOINT WARNING * * *
The spectral orc knight closely misses you.
The orc knight hits you with a great mace!!
* * * LOW HITPOINT WARNING * * *
You hit the sun demon. You slash the spectral orc knight!
You barely miss the spectral orc knight.
You closely miss the warg. You closely miss Nergalle. You slash the orc knight!
The smoke demon disappears in a puff of smoke!
The warg barely misses you. You block the sun demon's attack.
You block the orc knight's attack.
Nergalle hits you with a dagger of venom.
* * * LOW HITPOINT WARNING * * *
The warg bites you!
* * * LOW HITPOINT WARNING * * *
You block the spectral orc knight's attack.
The spectral orc knight completely misses you.
The sun demon hits you.
You are engulfed in flames!
* * * LOW HITPOINT WARNING * * *
You barely miss the orc knight. You slash the sun demon!
Your shield and scale mail prevent you from hitting the spectral orc knight.
You barely miss the spectral orc knight.
You barely miss the warg. You closely miss Nergalle.
Nergalle no longer looks unusually strong.
The sun demon disappears in a puff of smoke!
You block the orc knight's attack. You block the warg's attack.
Nergalle hits you with a dagger of venom.
* * * LOW HITPOINT WARNING * * *
The spectral orc knight hits you with a great sword.
* * * LOW HITPOINT WARNING * * *
The orc sorcerer gestures at you while chanting.
The bolt of negative energy hits the spectral orc warrior.
The spectral orc warrior completely resists.
The bolt of negative energy misses you. The warg closely misses you.
The spectral orc knight barely misses you.
You are too berserk!
You are too berserk!
You completely miss the orc knight.
Your shield and scale mail prevent you from hitting Nergalle.
You barely miss the warg.
You barely miss the spectral orc knight.
You slash the spectral orc knight! You slash the spectral orc warrior!
You block the orc knight's attack.
Nergalle gestures at you while chanting.
The bolt of negative energy hits you!
You feel drained.
You die...

......▒.▒.▒...........▒ ░
.........▒▒..▒.......▒▒▒,
, ░░ ░
.......................▒
,,
........................,
,░
............▒.......▒..▒,,
, ,,,
...................., ,,
...........3oo...... ,
...........oZZ...€..░, ,
▒...▒▒....Zog).....▒ , ░ ,
...▒......h.Z...... ,░ ░ ,
, ░ ▒...▒.▒.......... ░
................., ,,░
,,........▒...▒... ,,░ ░
,......▒...▒.... , ......
░.▒....▒░ ░ ░ , ......,
▒▒.... ░ ,,, , ░ , ,


You could see an orc knight, Nergalle, a spectral orc warrior, 2 spectral orc
knights, a spectral orc warlord, a sixfirhy, a warg, an orc sorcerer and an orc
warrior.

Vanquished Creatures
  An ogre mage (D:10)
  The ghost of paps the Shooter, a novice CeHu of Nemelex Xobeh (D:10)
  An unseen horror (D:10)
  A hill giant (D:10)
  4 molten gargoyles (D:9)
  A kobold demonologist (D:10)
  A queen bee (D:9)
  11 yaks
  A warg (D:10)
  2 water moccasins
  4 ice beasts
  2 black bears
  4 orc warriors
  3 necrophages (D:10)
  2 phantoms
  3 centaurs
  6 ogres
  A crocodile (D:10)
  5 big kobolds
  5 bullfrogs
  A gnoll sergeant (D:10)
  A wyvern zombie (D:10)
  3 scorpions
  9 wights
  10 killer bees
  An electric eel (D:8)
  3 howler monkeys (D:10)
  2 crimson imps
  A centaur zombie (D:4)
  3 lava snakes
  3 bullfrog zombies
  14 two-headed ogre zombies (D:10)
  4 hounds
  3 orc priests (D:10)
  3 centaur skeletons
  4 jellies
  A gnoll shaman (D:10)
  A bullfrog skeleton (D:10)
  11 orc wizards
  3 iguanas
  6 worker ants
  An ogre zombie (D:10)
  A hound zombie (D:4)
  A howler monkey zombie (D:10)
  A mummy (D:10)
  17 gnolls
  5 river rats
  14 adders
  4 shadow imps
  3 oozes
  An adder zombie (D:6)
  4 worms
  3 adder skeletons
  2 dart slugs
  7 leopard geckos
  41 orcs
  2 giant cockroaches
  10 goblins
  21 hobgoblins
  8 quokkas
  5 ball pythons (Sewer)
  6 bats
  3 frilled lizards
  35 kobolds
  A leopard gecko skeleton (D:4)
  28 rats
370 creatures vanquished.

Vanquished Creatures (collateral kills)
  An ice beast (D:9)
  A big kobold (D:9)
  18 killer bees (D:9)
  3 kobolds (D:9)
23 creatures vanquished.

Grand Total: 393 creatures vanquished

Notes
Turn   | Place    | Note
-------+----------+-------------------------------------------
     0 | D:1      | Jesseh the Deep Dwarf Fighter began the quest for the Orb.
     0 | D:1      | Reached XP level 1. HP: 20/20 MP: 1/1
   109 | D:1      | Reached XP level 2. HP: 27/27 MP: 2/2
   202 | D:1      | Reached skill level 3 in Fighting
   255 | D:1      | Reached skill level 3 in Axes
   400 | D:1      | Reached XP level 3. HP: 24/34 MP: 3/3
   726 | D:2      | Reached skill level 4 in Axes
   778 | D:2      | Gained mutation: You occasionally shout uncontrollably at your foes. [mutagenic glow]
   800 | D:2      | Gained mutation: Your system is resistant to poisons. (rPois) [mutagenic glow]
   947 | D:2      | Reached XP level 4. HP: 23/42 MP: 4/4
  1562 | D:3      | Found a bloodstained altar of Trog.
  1760 | D:3      | Found a radiant altar of Vehumet.
  1773 | D:3      | Found a bloodstained altar of Trog.
  1790 | D:3      | Reached skill level 5 in Axes
  1790 | D:3      | Reached XP level 5. HP: 42/49 MP: 5/5
  1876 | D:3      | Noticed a centaur
  1888 | D:3      | Killed a centaur
  1925 | D:3      | Found an ancient bone altar of Kikubaaqudgha.
  1939 | D:3      | Found a shimmering altar of Xom.
  2151 | D:4      | Reached skill level 4 in Fighting
  2279 | D:4      | Reached skill level 4 in Shields
  2291 | D:4      | Reached XP level 6. HP: 22/57 MP: 6/6
  2552 | D:5      | Entered Level 5 of the Dungeon
  2570 | D:5      | Noticed an ice beast
  2586 | D:5      | Killed an ice beast
  2600 | D:5      | Reached skill level 6 in Axes
  2628 | D:5      | Reached XP level 7. HP: 60/66 MP: 5/5
  2677 | D:5      | Reached skill level 5 in Shields
  2692 | D:5      | Found a staircase to the Ecumenical Temple.
  2716 | D:5      | Reached skill level 5 in Fighting
  2769 | Temple   | Entered the Ecumenical Temple
  2825 | Temple   | Became a worshipper of Makhleb the Destroyer
  3066 | D:5      | Reached skill level 7 in Axes
  3116 | D:5      | Reached skill level 6 in Shields
  3116 | D:5      | Reached XP level 8. HP: 36/75 MP: 6/6
  3634 | D:6      | Found Zin's Purification Station.
  3635 | D:6      | Found a glowing silver altar of Zin.
  3661 | D:6      | Bought a potion of curing for 90 gold pieces
  3684 | D:6      | Reached * piety under Makhleb
  3726 | D:6      | Found a glowing drain.
  3732 | Sewer    | Entered a sewer
  3872 | Sewer    | Reached ** piety under Makhleb
  4374 | D:6      | Reached skill level 6 in Fighting
  4483 | D:6      | Reached skill level 8 in Axes
  4483 | D:6      | Reached skill level 7 in Shields
  5108 | D:6      | Reached skill level 4 in Armour
  5154 | D:6      | Reached skill level 1 in Invocations
  5446 | D:6      | Gained mutation: You passively map the area around you. [Deep Dwarf growth]
  5446 | D:6      | Reached XP level 9. HP: 61/84 MP: 8/8
  5462 | D:7      | Reached *** piety under Makhleb
  5464 | D:7      | Reached skill level 2 in Invocations
  5529 | D:7      | Reached skill level 5 in Armour
  5549 | D:7      | Found a stormy altar of Qazlal.
  5692 | D:7      | You fall through a shaft for 2 floors!
  5705 | D:9      | Noticed a molten gargoyle
  5706 | D:9      | Noticed a molten gargoyle
  5777 | D:8      | Reached skill level 3 in Invocations
  5846 | D:8      | Reached skill level 6 in Armour
  5900 | D:8      | Found a sacrificial altar of Ru.
  5989 | D:8      | Found Hirphuarph's Magic Scroll Boutique.
  5997 | D:8      | Bought a scroll of identify for 32 gold pieces
  5997 | D:8      | Bought 2 scrolls of identify for 64 gold pieces
  6027 | D:8      | Reached skill level 9 in Axes
  6731 | D:7      | Reached skill level 7 in Armour
  6923 | D:7      | Reached **** piety under Makhleb
  6929 | D:7      | Reached skill level 7 in Fighting
  7270 | D:7      | Found an iron altar of Okawaru.
  7415 | D:9      | Noticed a molten gargoyle
  7426 | D:9      | Killed a molten gargoyle
  7426 | D:9      | Reached XP level 10. HP: 94/94 MP: 8/8
  7442 | D:9      | Killed a molten gargoyle
  7445 | D:9      | HP: 8/94 [molten gargoyle/bolt of magma (18)]
  7453 | D:9      | Killed a molten gargoyle
  7453 | D:9      | Reached skill level 8 in Armour
  7456 | D:9      | Noticed a molten gargoyle
  7470 | D:9      | HP: 21/94 [molten gargoyle/mace (5)]
  7470 | D:9      | HP: 10/94 [molten gargoyle/mace (11)]
  7476 | D:9      | Killed a molten gargoyle
  7568 | D:9      | Reached skill level 8 in Shields
  7588 | D:9      | Found a staircase to the Lair.
  7655 | D:9      | Found Inaholas's Food Boutique.
  7711 | D:9      | Reached skill level 10 in Axes
  7953 | D:9      | Reached skill level 9 in Armour
  7962 | D:9      | Reached skill level 9 in Shields
  7976 | D:9      | Reached skill level 8 in Fighting
  8157 | D:9      | Reached skill level 4 in Invocations
  8214 | Lair:1   | Entered Level 1 of the Lair of Beasts
  8275 | Lair:1   | Noticed a six-headed hydra
  8304 | Lair:1   | HP: 23/96 [ten-headed hydra (2)]
  8328 | D:9      | HP: 21/96 [ten-headed hydra (5)]
  8347 | D:9      | HP: 20/96 [ten-headed hydra (8)]
  8358 | D:9      | HP: 21/96 [12-headed hydra (5)]
  8377 | D:10     | Entered Level 10 of the Dungeon
  8381 | D:10     | Noticed paps's ghost (novice CeHu)
  8401 | D:10     | Killed paps's ghost
  8405 | D:10     | Reached XP level 11. HP: 71/103 MP: 6/6
  8592 | D:10     | HP: 23/103 [something (3)]
  8600 | D:10     | HP: 20/103 [something (7)]
  8614 | D:10     | HP: 22/103 [something (6)]
  8640 | D:10     | HP: 25/103 [something (5)]
  8646 | D:10     | HP: 23/103 [something (2)]
  8670 | D:10     | Killed an unseen horror
  8680 | D:10     | Found a staircase to the Orcish Mines.
  8795 | D:10     | Reached skill level 5 in Invocations
  8818 | D:10     | Reached skill level 10 in Shields
  8931 | D:10     | Noticed a sixfirhy
  9000 | D:10     | Noticed a hill giant
  9013 | D:10     | Killed a hill giant
  9389 | D:10     | HP: 22/104 [lava snake/glob of lava (6)]
  9410 | D:10     | Reached ***** piety under Makhleb
  9508 | D:10     | HP: 25/104 [gnoll/flail (7)]
  9638 | D:10     | Noticed an ogre mage
  9648 | D:10     | Reached skill level 6 in Invocations
  9652 | D:10     | Killed an ogre mage
  9652 | D:10     | Reached skill level 11 in Axes
  9950 | Orc:1    | Entered Level 1 of the Orcish Mines
  9954 | Orc:1    | Noticed an orc knight
  9959 | Orc:1    | Noticed Nergalle
  9963 | Orc:1    | Noticed an orc sorcerer
  9984 | Orc:1    | Noticed a sun demon
  9997 | Orc:2    | Entered Level 2 of the Orcish Mines
  9997 | Orc:2    | Found a staircase to the Elven Halls.
  9997 | Orc:2    | Noticed Sonja
 10001 | Orc:1    | Noticed a sixfirhy
 10003 | Orc:1    | HP: 25/156 [orc knight/great mace (20)]
 10004 | Orc:1    | Noticed a spectral orc warlord
 10004 | Orc:1    | HP: 7/156 [sun demon[an orc sorcerer] (8)]
 10005 | Orc:1    | HP: 3/156 [spectral orc knight/great sword[Nergalle] (2)]
 10006 | Orc:1    | Killed from afar by Nergalle

Skill      XL: |  1  2  3  4  5  6  7  8  9 10 11 |
---------------+----------------------------------+-----
Fighting       | 3 4 5 6 7 8 |  8.8
Axes           | 3 4 5 6 7 8 9 10 11 | 11.0
Shields        | 4 6 7 9 10 | 10.9
Armour         | 4 7 9 |  9.1
Invocations    | 1 3 4 6 |  6.3

Action                   |  1- 3 |  4- 6 |  7- 9 | 10-12 || total
-------------------------+-------+-------+-------+-------++-------
Melee: War axe           |   113 |   209 |   254 |       ||   576
       Broad axe         |       |       |   292 |   510 ||   802
       Flail             |       |       |       |    20 ||    20
Throw: Throwing net      |       |       |     1 |       ||     1
Invok: Lesser Servant of |       |       |       |     8 ||     8
       Major Destruction |       |       |       |     1 ||     1
 Abil: Device Recharging |       |     2 |     2 |     8 ||    12
Evoke: Wand              |       |     4 |     7 |    46 ||    57
  Use: Scroll            |       |       |    13 |    11 ||    24
       Potion            |       |       |       |     2 ||     2
 Stab: Distracted        |       |       |       |     1 ||     1
  Eat: Chunk             |       |     2 |     6 |     4 ||    12
       Bread ration      |       |     1 |     1 |       ||     2
       Meat ration       |       |       |     2 |       ||     2
       Fruit             |       |       |       |     1 ||     1
       Beef jerky        |       |       |       |     2 ||     2
Armor: Scale mail        |    23 |       |       |   104 ||   127
       Plate armour      |    40 |   131 |   389 |   170 ||   730
Dodge: Dodged            |    30 |    46 |   207 |   150 ||   433
Block: Shield            |    47 |    48 |    57 |   376 ||   528
       Buckler           |       |    26 |   159 |       ||   185

Vault maps used:
D:1:      lightli_arrival_noodles
D:2:      first_bread
D:3:      nicolae_overflow_quartered_altars, trog_hazing_becter
D:6:      zin_purify, gup_sewer_entry_bubbles, serial_co_window_serial,
          co_window_paths_a, co_window_paths_b, co_window_paths_a,
          co_window_paths_a, co_window_paths_a, co_window_corner_a,
          co_window_2corner, co_window_2corner, co_window_2corner
D:7:      kennysheep_mini, nicolae_qazlal_general_emergency
D:8:      hangedman_ru_absence, serial_shops, shop
D:9:      lair_0_dummy, serial_shops, shop_fountains, blue_anna_alchemist,
          minivault_8
D:10:     lemuel_ogre_cave, david_orc_3, serial_undead, serial_undead_d,
          serial_undead_a, serial_undead_e, serial_undead_f, grunt_ministairs_5,
          kennysheep_cross_room
Temple:   nicolae_temple_great_sept
Lair:1:   infiniplex_staircase_pool, grunt_megastairs_4
Orc:1:    basic_altar, elves_outpost_lemuel, uniq_nergalle
Orc:2:    st_orc_rangers, serial_shops, shop, shop, led_sif_book, uniq_sonja
Sewer:    sewer_minmay_treatment

Table legend:
 A = Turns spent in this place as a percentage of turns spent in the entire game.
 B = Non-inter-level travel turns spent in this place as a percentage of non-inter-level travel turns spent in the entire game.
 C = Inter-level travel turns spent in this place as a percentage of turns spent in this place.
 D = Turns resting spent in this place as a percentage of non-inter-level travel turns spent in this place.
 E = Turns spent auto-exploring this place as a percentage of non-inter-level travel turns spent in this place.
 F = Non-inter-level travel turns spent in this place divided by the number of levels of this place that you've seen.
                   A       B       C       D       E      F
               +-------+-------+-------+-------+-------+----------------------
         Total | 100.0 | 100.0 |   0.5 |   0.2 |   6.5 | 254.8
       Dungeon |  89.6 |  89.6 |   0.6 |   0.2 |   6.6 | 342.3
        Temple |   1.0 |   1.0 |   0.0 |   0.0 |  24.3 |  37.0
          Lair |   2.0 |   2.0 |   0.0 |   0.0 |   4.0 |  75.0
  Orcish Mines |   1.5 |   1.5 |   0.0 |   0.0 |   0.0 |  28.0
         Sewer |   6.0 |   6.0 |   0.0 |   0.0 |   5.6 | 231.0
               +-------+-------+-------+-------+-------+----------------------

Table legend:
 A = Kills in this place as a percentage of kills in entire the game.
 B = Kills by you in this place as a percentage of kills by you in the entire game.
 C = Kills by friends in this place as a percentage of kills by friends in the entire game.
 D = Other kills in this place as a percentage of other kills in the entire game.
 E = Experience gained in this place as a percentage of experience gained in the entire game.
 F = Experience gained in this place divided by the number of levels of this place that you have seen.
                   A       B       C       D       E      F
               +-------+-------+-------+-------+-------+----------------------
         Total | 100.0 | 100.0 | 100.0 |  -nan | 100.0 | 1189.9
       Dungeon |  86.8 |  85.9 | 100.0 |  -nan |  97.8 | 1745.5
          Lair |   0.3 |   0.3 |   0.0 |  -nan |   0.8 | 151.0
  Orcish Mines |   0.8 |   0.8 |   0.0 |  -nan |   0.1 |   4.5
         Sewer |  12.2 |  13.0 |   0.0 |  -nan |   1.3 | 233.0
               +-------+-------+-------+-------+-------+----------------------
